Map: Catalyst LE

Players

llllllllllll - Winner!

  • Race: Terran Terran
  • League: Master
  • Spawn Location: 11:00

UpATree

  • Race: Terran Terran
  • League: Master
  • Spawn Location: 5:00

VOD

Have the link to the VOD?

Description

Time

  • Played on: Jan. 19, 2018, 1:55 a.m.
  • Length: 12:15
Show
View Real Time Build Order
Export as new Build Order

llllllllllll Terran - Winner!

Build Orders: Bio Tank 

Get SALT Encoding   

  12  0:00  SCV  
  13  0:13  SCV  
  14  0:17  Supply Depot  
  14  0:25  SCV  
  15  0:39  SCV, Barracks  
  16  0:45  Refinery  
  16  0:51  SCV  
  17  1:00  Barracks  
  17  1:03  SCV  
  18  1:15  SCV  
  19  1:28  Reaper  
  19  1:29  Orbital Command  
  20  1:33  Supply Depot  
  20  1:49  Reaper  
  21  1:54  SCV  
  22  2:05  Reaper  
  22  2:06  SCV  
  24  2:14  Command Center  
  24  2:18  SCV  
  25  2:26  Barracks Reactor  
  24  2:33  Refinery, SCV  
  24  2:34  Supply Depot  
  25  2:40  Barracks Tech Lab  
  25  2:46  SCV  
  26  3:01  SCV  
  26  3:03  Marine x2  
  26  3:04  Marine  
  30  3:06  Barracks  
  30  3:13  SCV  
  31  3:23  Marine  
  31  3:24  Stimpack  
  31  3:26  SCV  
  33  3:32  Orbital Command  
  32  3:37  Marine x2  
  32  3:39  Factory  
  32  3:40  SCV  
  34  3:45  Marauder  
  36  3:53  SCV, Engineering Bay  
  36  3:54  Barracks Reactor  
  37  4:00  SCV  
  38  4:05  Marine x2, SCV  
  38  4:07  Marine  
  42  4:12  SCV  
  43  4:17  SCV  
  43  4:19  Terran Infantry Weapons Level 1  
  43  4:24  SCV, Starport  
  44  4:25  Factory Reactor  
  44  4:26  Marine x3  
  44  4:29  SCV  
  49  4:33  Supply Depot  
  49  4:35  Supply Depot  
  49  4:36  SCV  
  49  4:38  Marine  
  51  4:39  Marine  
  51  4:41  SCV  
  53  4:48  Marine  
  54  4:55  Marine x2, SCV x2  
  54  4:56  Supply Depot  
  54  4:59  Marine x2  
  60  5:07  SCV  
  60  5:08  Medivac x2  
  60  5:09  SCV  
  60  5:13  Marine  
  67  5:14  Marine x2  
  67  5:15  Factory Tech Lab  
  67  5:17  Marine x2  
  67  5:19  Supply Depot, SCV  
  72  5:21  Supply Depot  
  72  5:25  SCV  
  72  5:27  Combat Shields  
  73  5:31  SCV  
  73  5:32  Marine  
  75  5:37  SCV  
  76  5:43  Command Center  
  76  5:49  Medivac  
  78  5:50  SCV  
  78  5:51  Refinery  
  78  5:52  Supply Depot  
  78  5:53  Refinery  
  78  5:56  Marine, SCV  
  78  5:57  Supply Depot, Marine  
  81  6:02  SCV  
  83  6:07  Siege Tank  
  83  6:08  SCV  
  87  6:14  SCV  
  87  6:18  Marine x3  
  89  6:19  Marine x2  
  89  6:20  SCV  
  89  6:21  Supply Depot  
  94  6:26  Terran Infantry Armor Level 1, SCV  
  95  6:32  SCV  
  95  6:38  Barracks x2  
  96  6:41  Factory, SCV  
  96  6:55  Orbital Command  
  96  7:19  Marine x5  
  96  7:20  Medivac x2, Siege Tank  
  108  7:23  Orbital Command  
  108  7:32  SCV  
  108  7:36  Barracks Reactor x2, Armory, Engineering Bay, Factory Tech Lab  
  109  7:37  SCV  
  109  7:39  Marine x3  
  109  7:40  Supply Depot, Marine x2  
  109  7:42  Refinery  
  115  7:44  Refinery  
  115  7:54  Medivac, Siege Tank  
  115  7:55  Medivac  
  115  7:57  SCV  
  115  7:58  SCV  
  124  7:59  SCV  
  125  8:10  SCV, Sensor Tower  
  125  8:11  SCV  
  125  8:12  SCV  
  128  8:19  Marine x3  
  130  8:20  Marine x4  
  130  8:22  SCV  
  136  8:27  Siege Tank  
  136  8:32  Supply Depot  
  136  8:33  Supply Depot, Siege Tank  
  142  8:37  Marine  
  142  8:40  SCV  
  142  8:41  SCV  
  147  8:44  SCV  
  147  8:48  Supply Depot x2  
  148  8:51  Terran Infantry Weapons Level 2  
  148  8:52  Terran Infantry Armor Level 2  
  148  8:54  Terran Vehicle Weapons Level 1  
  146  8:58  SCV  
  147  9:06  Siege Tank x2  
  148  9:34  Marine x9  
  148  9:35  Medivac x2  
  161  9:40  Command Center  
  161  9:51  Marine  
  161  9:52  Marine x2  
  163  9:53  Marine x3  
  163  9:54  Cyclone, Sensor Tower, Siege Tank  
  163  9:58  Supply Depot  
  153  10:23  Marine  
  153  10:24  Marine x8  
  153  10:25  Medivac x2  
  153  10:26  SCV, Siege Tank  
  154  10:41  Marine  
  154  10:42  Marine  
  143  10:53  Marine x5  
  143  10:54  Marine x2, Siege Tank  
  147  10:58  Siege Tank  
  147  10:59  Marine  
  147  11:00  Marine  
  147  11:01  Factory, Barracks x2  
  152  11:09  SCV x2  
  152  11:10  SCV  
  152  11:11  Marine  
  152  11:12  Planetary Fortress  
  144  11:20  Refinery x2  
  144  11:24  Marine x5, SCV  
  144  11:25  Marine  
  153  11:26  Siege Tank  
  153  11:27  Medivac x2  
  153  11:28  SCV  
  153  11:30  Siege Tank  
  165  11:35  Missile Turret  
  165  11:37  Sensor Tower  
  165  11:42  Marine x2, SCV x2  
  166  11:53  Marine x4  
  170  11:54  Barracks Reactor, Marine x2  
  170  11:55  Barracks Reactor, Marine, Factory Tech Lab  
Show
View Real Time Build Order
Export as new Build Order

UpATree Terran 

Build Orders: Cyclone Opening, Reaper Expand, MMM Bio 

Get SALT Encoding   

  12  0:01  SCV  
  13  0:13  SCV  
  14  0:22  Supply Depot  
  14  0:25  SCV  
  15  0:29  Refinery  
  15  0:43  SCV  
  15  0:45  Barracks  
  16  0:55  SCV  
  17  1:08  SCV  
  18  1:22  SCV  
  19  1:34  Reaper  
  19  1:35  Orbital Command  
  20  1:45  Command Center  
  20  1:58  Factory  
  20  2:01  SCV  
  21  2:10  Supply Depot, Reaper  
  21  2:13  SCV  
  23  2:31  SCV  
  23  2:32  Refinery  
  23  2:36  Barracks  
  24  2:43  SCV  
  24  2:44  Barracks  
  25  2:52  Cyclone  
  25  2:55  SCV  
  29  3:03  Barracks Reactor  
  28  3:06  Orbital Command  
  28  3:10  SCV  
  28  3:32  Cyclone  
  30  3:36  Barracks Tech Lab  
  30  3:37  Barracks Tech Lab  
  30  3:39  SCV x2  
  32  3:44  Supply Depot  
  32  3:45  Marine x2  
  34  3:51  SCV  
  34  3:53  Bunker  
  34  3:55  Stimpack, Marine  
  35  3:57  Marine  
  35  3:59  SCV  
  38  4:05  Marine x2  
  38  4:07  Combat Shields  
  40  4:10  SCV  
  40  4:12  SCV  
  40  4:15  Marine x2  
  44  4:22  Supply Depot  
  44  4:29  Starport  
  44  4:33  Factory Reactor  
  44  4:35  Marine x2  
  44  4:36  Marine  
  44  4:37  SCV  
  48  4:40  SCV  
  49  4:46  Supply Depot  
  49  4:50  Marine  
  49  4:52  SCV  
  51  4:53  Marine, SCV  
  51  4:56  Refinery  
  53  5:02  Marine x2  
  53  5:04  SCV  
  56  5:09  SCV  
  57  5:16  Marine x2, SCV  
  60  5:21  SCV, Factory Tech Lab  
  60  5:23  Marine x2  
  60  5:24  Medivac  
  60  5:25  Medivac  
  66  5:31  SCV  
  66  5:34  Marine  
  66  5:35  Marine  
  69  5:37  SCV  
  70  5:46  Supply Depot  
  70  5:48  Supply Depot  
  70  5:50  Supply Depot  
  70  5:57  Supply Depot  
  70  6:07  Marine x3  
  70  6:08  SCV, Medivac x2  
  70  6:09  Marine  
  70  6:10  SCV, Siege Tank  
  83  6:12  Supply Depot  
  83  6:13  Supply Depot  
  83  6:20  SCV  
  84  6:25  Marine x2  
  84  6:27  SCV  
  84  6:32  SCV  
  88  6:38  Marine x2  
  90  6:43  Marine  
  91  6:57  Engineering Bay x2  
  91  7:01  Marine x2  
  91  7:02  Marine, Siege Tank  
  91  7:03  Marine  
  94  7:12  Command Center  
  94  7:14  Barracks  
  86  7:19  Marine x2  
  86  7:21  Marine x2  
  90  7:29  Medivac x2  
  94  7:30  SCV x2  
  94  7:32  Terran Infantry Weapons Level 1, Terran Infantry Armor Level 1  
  94  7:34  Armory  
  94  7:36  Marine  
  96  7:41  Marine x3  
  100  7:45  Siege Tank  
  100  7:49  Supply Depot  
  100  7:50  Supply Depot x2  
  103  7:51  Supply Depot  
  103  7:55  Marine  
  104  8:00  Marine x2  
  104  8:02  Barracks Reactor  
  104  8:04  Barracks  
  106  8:06  Marine  
  106  8:07  SCV x2  
  109  8:13  Marine  
  109  8:17  Siege Tank  
  109  8:18  Marine x2  
  109  8:19  SCV  
  116  8:26  Medivac x2  
  120  8:27  Orbital Command  
  120  8:28  Refinery  
  120  8:31  Marine  
  121  8:34  Barracks Reactor  
  121  8:36  Marine x2  
  121  8:38  Sensor Tower  
  121  8:40  Marine  
  121  8:41  Marine  
  125  8:46  Sensor Tower  
  125  8:49  Marine  
  125  8:53  Marine x2  
  125  8:54  Barracks Reactor  
  128  8:55  Orbital Command  
  128  9:05  Terran Vehicle Weapons Level 1  
  128  9:06  Marine x3  
  128  9:07  SCV  
  130  9:28  Marine x2  
  130  9:29  Marine x5  
  130  9:30  Siege Tank  
  140  9:36  Marine  
  140  9:38  Factory, Marine, Barracks x2  
  141  9:40  Barracks  
  141  9:43  SCV x3  
  145  9:46  Marine x3  
  145  9:50  Marine x2  
  150  9:53  Sensor Tower  
  150  9:55  SCV  
  150  9:57  SCV x2  
  153  10:06  Marine  
  153  10:07  Marine x2  
  77  10:29  Marine x4  
  77  10:30  Marine, Siege Tank  
  77  10:32  Marine x3  
  77  10:34  Marine  
  82  10:47  Marine x5  
  82  10:49  Marine  
  77  10:50  Marine x2  
  77  10:53  Orbital Command  
  77  10:55  Marine  
  70  10:59  Marine x3  
  67  11:05  Marine x4  
  67  11:08  Marine x3  
  65  11:20  SCV x2  
  65  11:22  Marine x3  
  65  11:23  Marine  
  65  11:24  Barracks Reactor  
  65  11:25  Barracks Reactor  
  71  11:27  SCV  
  71  11:32  SCV  
  73  11:34  SCV  
  73  11:37  Marine x3  
  73  11:39  SCV  
  78  11:44  SCV  
  78  11:45  Refinery, Marine x3  
  78  11:46  Refinery, SCV  
  83  11:53  Marine  
  83  11:54  Marine x2  
  85  11:55  SCV  
  85  11:57  SCV  
Tags
 
Add a new tag
Caveats
  • Supply blocks, unpowered buildings, or Contaminate may cause inaccurate times.
  • Supply counts are checked every 10 seconds.